Map: Acropolis LE

Players

GOReynor (Reynor)

  • Race: Zerg Zerg
  • League: Master
  • Spawn Location: 5:00

Serral - Winner!

  • Race: Zerg Zerg
  • League: Master
  • Spawn Location: 11:00

Event: HomeStory Cup XX

VOD

Have the link to the VOD?

Description

Time

  • Played on: Nov. 24, 2019, 4:23 p.m.
  • Length: 27:17

All games in this series

Show
View Real Time Build Order
Export as new Build Order

GOReynor Zerg 

Build Orders: Hatch First, Lurkers 

Get SALT Encoding   

  12  0:00  Drone  
  13  0:12  Overlord  
  13  0:16  Drone  
  14  0:30  Drone x2  
  16  0:47  Hatchery  
  15  0:51  Drone  
  15  0:54  Drone  
  17  0:57  Drone  
  18  1:07  Extractor  
  17  1:13  Spawning Pool  
  17  1:15  Drone  
  17  1:18  Drone  
  18  1:27  Drone  
  19  1:38  Drone  
  20  1:49  Drone  
  21  1:59  Queen, Overlord  
  21  2:00  Zergling x2, Queen  
  26  2:09  Drone  
  26  2:10  Drone  
  26  2:12  Metabolic Boost  
  28  2:20  Drone  
  28  2:21  Drone  
  30  2:33  Hatchery  
  30  2:35  Drone  
  30  2:37  Drone  
  30  2:42  Drone  
  32  2:45  Overlord  
  32  2:53  Drone  
  32  2:54  Drone  
  34  3:04  Drone x2  
  36  3:09  Queen  
  36  3:11  Drone x2, Overlord  
  40  3:13  Drone x2  
  40  3:18  Zergling x2, Baneling Nest  
  42  3:20  Zergling x2  
  42  3:23  Zergling x2  
  44  3:30  Zergling x2  
  44  3:31  Drone  
  46  3:36  Evolution Chamber  
  46  3:40  Zergling x6  
  47  3:42  Overlord  
  47  3:43  Zergling x4  
  47  3:46  Drone x2  
  51  3:53  Drone  
  52  3:56  Drone  
  52  4:02  Extractor  
  52  4:04  Drone x3  
  52  4:05  Zerg Missile Weapons Level 1, Baneling  
  52  4:09  Drone x2  
  57  4:14  Roach Warren  
  57  4:16  Drone  
  58  4:17  Drone x2  
  58  4:21  Drone x2  
  58  4:22  Overlord  
  61  4:25  Drone  
  61  4:29  Drone x3  
  61  4:31  Drone x2  
  66  4:33  Lair  
  66  4:34  Extractor  
  65  4:39  Drone  
  65  4:40  Drone x2  
  68  4:46  Extractor  
  68  4:47  Extractor  
  66  4:54  Roach x4  
  66  4:55  Overlord  
  66  4:57  Baneling  
  74  5:02  Overlord  
  74  5:09  Overlord  
  74  5:11  Overlord  
  73  5:20  Roach x3  
  76  5:22  Drone x8  
  76  5:25  Drone, Roach x2  
  82  5:30  Glial Reconstitution, Drone  
  82  5:33  Roach  
  82  5:34  Overseer, Roach  
  87  5:37  Pneumatized Carapace  
  87  5:38  Extractor  
  87  5:41  Drone  
  87  5:48  Drone  
  87  5:49  Drone x2  
  90  5:52  Overlord  
  90  5:53  Drone  
  90  5:54  Hatchery  
  90  5:59  Drone x3  
  90  6:00  Evolution Chamber  
  90  6:01  Zerg Missile Weapons Level 2  
  92  6:08  Drone  
  92  6:11  Roach x4  
  92  6:13  Overlord  
  92  6:14  Roach  
  102  6:19  Roach  
  102  6:20  Roach x2  
  108  6:26  Zerg Ground Armor Level 1  
  108  6:30  Overlord  
  108  6:34  Roach x5  
  108  6:36  Roach x2  
  108  6:38  Overlord  
  122  6:45  Overlord  
  122  6:52  Roach x4  
  130  6:54  Overlord  
  130  6:58  Roach x4  
  138  7:04  Roach  
  138  7:05  Roach x3  
  138  7:07  Overlord  
  146  7:10  Roach x3  
  146  7:15  Ravager x3  
  155  7:17  Roach x2  
  155  7:19  Overlord  
  159  7:29  Roach x4  
  167  7:30  Overlord  
  167  7:33  Roach  
  168  7:38  Roach x4  
  168  7:39  Roach  
  168  7:41  Roach x4  
  168  7:42  Roach  
  168  7:46  Roach x2  
  168  7:49  Roach x2  
  164  7:53  Roach x3  
  164  7:57  Roach x2  
  161  7:58  Queen  
  161  8:02  Roach x2  
  158  8:05  Roach  
  158  8:06  Roach  
  158  8:10  Drone  
  158  8:11  Hydralisk Den  
  147  8:14  Drone x3  
  147  8:15  Drone  
  147  8:22  Overlord  
  147  8:25  Drone  
  147  8:26  Drone  
  147  8:28  Drone  
  147  8:30  Spore Crawler  
  147  8:31  Spore Crawler, Queen  
  145  8:38  Queen  
  147  8:41  Spore Crawler  
  147  8:42  Drone x3  
  147  8:45  Hydralisk x4  
  147  8:46  Lurker Den  
  156  8:51  Ravager  
  156  8:52  Ravager, Roach x3  
  164  8:56  Roach x3  
  164  9:00  Overlord  
  164  9:01  Hydralisk  
  172  9:03  Roach  
  172  9:06  Overlord  
  174  9:10  Overlord  
  174  9:16  Hydralisk x3  
  180  9:19  Muscular Augments, Overlord  
  180  9:33  Hydralisk x2  
  180  9:36  Overlord  
  182  9:44  Lurker x4, Hydralisk x5  
  196  9:49  Infestation Pit, Spore Crawler  
  196  9:50  Extractor  
  196  9:52  Hydralisk x2  
  193  9:58  Hydralisk  
  193  9:59  Hydralisk  
  199  10:04  Overlord x2  
  199  10:05  Overseer  
  199  10:13  Overlord  
  188  10:24  Roach  
  188  10:25  Roach x9  
  195  10:35  Lurker x3  
  178  10:36  Roach  
  178  10:37  Zergling x2  
  178  10:38  Zergling x12  
  178  10:42  Roach  
  172  10:45  Roach x4  
  174  10:50  Roach x2  
  174  10:54  Roach  
  173  11:02  Hydralisk x2  
  173  11:04  Drone  
  161  11:13  Drone x3  
  136  11:27  Hydralisk x3  
  136  11:31  Drone x2  
  105  11:40  Lurker x2  
  105  11:44  Hive  
  105  11:47  Drone x2  
  105  11:52  Drone x2  
  109  11:58  Drone x3  
  109  12:01  Extractor  
  111  12:02  Lurker  
  111  12:03  Lurker  
  113  12:09  Hydralisk x2  
  113  12:15  Drone x2  
  119  12:30  Overseer, Hydralisk x3  
  125  12:41  Roach x6  
  120  12:46  Ravager x3  
  120  12:47  Roach x2  
  120  12:51  Roach  
  124  12:55  Roach x2  
  121  13:03  Roach x4  
  118  13:09  Viper  
  118  13:10  Overseer  
  118  13:12  Hydralisk  
  108  13:14  Roach  
  108  13:19  Roach x2  
  105  13:25  Roach x3  
  111  13:27  Drone  
  111  13:28  Drone  
  111  13:29  Drone  
  114  13:38  Viper  
  117  13:52  Drone x2  
  117  13:54  Drone  
  117  13:55  Adaptive Talons  
  118  13:57  Hatchery  
  117  14:12  Hydralisk  
  117  14:15  Lurker x3, Hydralisk  
  117  14:16  Hydralisk  
  124  14:19  Hydralisk  
  124  14:23  Queen, Hydralisk  
  128  14:27  Hydralisk  
  128  14:29  Hydralisk  
  134  14:32  Hydralisk  
  134  14:34  Seismic Spines  
  134  14:36  Hydralisk  
  138  14:40  Drone x3  
  138  14:43  Overseer  
  141  15:03  Roach  
  141  15:04  Roach x5  
  147  15:08  Lurker x2  
  145  15:18  Roach x3  
  145  15:19  Roach  
  147  15:25  Hydralisk  
  147  15:26  Hydralisk x2  
  130  15:33  Drone x5  
  133  15:36  Viper  
  133  15:42  Lurker  
  137  15:46  Drone x3  
  137  15:48  Extractor  
  138  15:51  Viper  
  141  16:01  Drone x3  
  141  16:02  Lurker x2  
  146  16:05  Hydralisk  
  146  16:09  Hydralisk  
  149  16:18  Hydralisk x2  
  149  16:19  Hydralisk  
  149  16:22  Roach  
  149  16:23  Roach x2  
  149  16:24  Queen  
  149  16:25  Drone x3  
  166  16:26  Roach  
  166  16:34  Roach x4  
  174  16:46  Hydralisk x5  
  180  16:57  Overseer x2  
  180  17:00  Roach x4  
  184  17:05  Spore Crawler  
  176  17:15  Hydralisk x5  
  176  17:16  Hydralisk  
  176  17:20  Overseer  
  166  17:28  Overseer, Roach x5  
  166  17:29  Hydralisk x2  
  161  17:35  Hydralisk x3  
  171  17:40  Overseer  
  171  17:42  Lurker x2  
  173  17:47  Lurker  
  174  17:52  Hatchery  
  174  17:55  Viper  
  176  18:00  Roach x3  
  176  18:14  Viper  
  179  18:23  Roach x10  
  195  18:32  Roach x5  
  195  18:36  Roach x2  
  192  18:54  Viper  
  186  19:01  Viper  
  182  19:16  Roach  
  182  19:17  Roach x10  
  190  19:26  Hydralisk  
  192  19:32  Hatchery  
  192  19:38  Overlord  
  191  19:50  Overlord  
  189  19:53  Overseer x2  
  189  19:56  Hydralisk x5  
  199  20:00  Evolution Chamber  
  193  20:21  Roach x3  
  199  20:37  Overseer  
  199  20:38  Zerg Missile Weapons Level 3  
  199  20:44  Extractor, Lurker  
  199  20:45  Extractor  
  199  20:46  Lurker  
  179  21:06  Viper  
  179  21:09  Drone x5  
  171  21:12  Viper  
  171  21:17  Roach x4  
  182  21:21  Spore Crawler  
  175  21:28  Grooved Spines  
  164  21:33  Hydralisk x3  
  164  21:35  Roach x2  
  164  21:39  Roach x2  
  166  21:49  Burrow, Hydralisk  
  161  22:16  Lurker  
  161  22:19  Lurker x4  
  161  22:22  Roach x3  
  172  22:29  Spore Crawler, Roach x4  
  175  22:31  Queen  
  171  22:44  Hydralisk x3  
  146  22:59  Roach x4  
  147  23:13  Hydralisk x3  
  147  23:18  Roach  
  138  23:22  Roach x6  
  138  23:23  Lurker  
  133  23:30  Lurker x2  
  133  23:32  Lurker  
  133  23:34  Drone  
  133  23:39  Lurker  
  130  23:51  Drone x2  
  130  23:52  Drone x3  
  131  23:56  Overseer  
  131  24:01  Viper  
  130  24:06  Drone x3  
  130  24:12  Spore Crawler  
  130  24:13  Viper  
  132  24:22  Hydralisk x2  
  136  24:35  Hydralisk x2  
  136  24:36  Hydralisk  
  142  24:40  Roach  
  142  24:43  Hydralisk x5  
  142  24:44  Hydralisk x4  
  144  24:46  Extractor  
  144  24:51  Roach x3  
  135  25:09  Hydralisk x3  
  134  25:17  Zergling x10, Roach x2  
  134  25:20  Overseer  
  143  25:23  Overseer  
  143  25:30  Roach x2  
  147  25:36  Roach x3  
  147  25:40  Roach  
  155  25:50  Roach x4  
  158  26:00  Roach x2  
  130  26:08  Roach x3  
Show
View Real Time Build Order
Export as new Build Order

Serral Zerg - Winner!

Build Orders: Hatch First, Lurkers 

Get SALT Encoding   

  12  0:01  Drone  
  13  0:13  Overlord  
  13  0:17  Drone  
  14  0:31  Drone x2  
  16  0:47  Hatchery  
  15  0:51  Drone  
  15  0:54  Drone  
  17  0:58  Drone  
  18  1:08  Extractor  
  17  1:13  Spawning Pool  
  17  1:16  Drone  
  17  1:19  Drone  
  18  1:28  Drone  
  19  1:39  Drone  
  20  1:50  Drone  
  21  1:59  Queen x2  
  25  2:01  Overlord  
  25  2:02  Zergling x2  
  26  2:09  Metabolic Boost  
  26  2:10  Drone  
  26  2:11  Drone  
  28  2:22  Drone x2  
  30  2:32  Hatchery  
  30  2:36  Drone  
  30  2:37  Drone  
  31  2:44  Drone x2  
  31  2:48  Baneling Nest  
  32  2:55  Overlord  
  32  2:57  Zergling x2  
  33  3:05  Zergling x2  
  34  3:07  Drone x2  
  36  3:15  Drone x2  
  36  3:18  Zergling x4, Overlord  
  40  3:21  Drone  
  40  3:23  Queen  
  40  3:25  Drone  
  44  3:28  Evolution Chamber  
  44  3:31  Drone  
  44  3:36  Overlord  
  44  3:40  Drone x3  
  47  3:42  Drone  
  47  3:45  Baneling  
  47  3:47  Overlord  
  48  3:50  Zergling x2  
  48  3:51  Drone  
  48  3:52  Drone  
  48  3:53  Drone  
  51  3:57  Zerg Missile Weapons Level 1  
  51  3:59  Drone  
  51  4:00  Drone  
  53  4:06  Zergling x6  
  56  4:12  Lair  
  56  4:13  Drone x2  
  56  4:16  Extractor  
  57  4:17  Zergling x2  
  57  4:18  Zergling x4  
  60  4:27  Overlord  
  60  4:28  Zergling x8  
  60  4:29  Zergling x2  
  63  4:33  Baneling x2  
  63  4:36  Baneling  
  63  4:39  Drone x3  
  63  4:43  Roach Warren  
  67  4:45  Drone x2  
  67  4:46  Drone x2  
  67  4:48  Drone x3  
  72  4:53  Overlord  
  72  4:55  Drone x2  
  72  4:57  Extractor  
  73  5:01  Extractor  
  70  5:07  Overlord  
  70  5:08  Drone x4  
  70  5:11  Pneumatized Carapace  
  70  5:12  Overseer  
  70  5:13  Drone x4  
  77  5:15  Drone  
  76  5:25  Roach x3  
  76  5:27  Roach x2  
  80  5:31  Overlord x2  
  80  5:33  Extractor  
  80  5:34  Roach x2  
  85  5:35  Roach  
  85  5:38  Roach  
  87  5:54  Overlord  
  87  5:55  Roach  
  87  5:56  Roach x5  
  99  5:59  Spine Crawler  
  99  6:00  Spine Crawler  
  99  6:02  Drone x3  
  100  6:07  Overlord  
  100  6:08  Extractor  
  100  6:09  Drone  
  100  6:11  Drone, Spire  
  99  6:12  Drone x4  
  106  6:19  Zerg Missile Weapons Level 2  
  106  6:23  Hatchery  
  106  6:25  Drone  
  106  6:28  Overseer  
  106  6:30  Overlord x2  
  106  6:34  Overlord  
  106  6:37  Roach x3  
  112  6:41  Overlord  
  112  6:45  Roach  
  112  6:46  Roach x3  
  120  6:49  Overlord x2  
  121  7:01  Drone  
  121  7:08  Extractor  
  121  7:10  Roach x9  
  121  7:11  Roach  
  140  7:17  Drone x3  
  143  7:23  Mutalisk x4  
  143  7:28  Roach x2  
  155  7:33  Glial Reconstitution, Roach  
  157  7:37  Roach x5  
  157  7:42  Roach  
  157  7:43  Roach x3  
  157  7:46  Roach x3  
  143  7:52  Roach x3  
  143  7:56  Roach x2  
  139  8:04  Roach x3  
  127  8:06  Roach  
  127  8:09  Roach  
  129  8:14  Queen  
  129  8:16  Mutalisk x3  
  135  8:20  Roach  
  135  8:21  Roach x3  
  135  8:26  Roach x3  
  149  8:33  Roach x4  
  153  8:40  Roach x4  
  161  8:44  Zerg Ground Armor Level 1  
  161  8:51  Mutalisk  
  161  8:53  Queen  
  161  8:54  Ravager, Overlord x2  
  166  8:57  Overlord  
  166  9:01  Ravager  
  166  9:02  Overlord  
  167  9:04  Roach x2  
  171  9:12  Roach x3  
  177  9:18  Hydralisk Den  
  177  9:23  Roach x8  
  192  9:26  Extractor  
  192  9:30  Ravager  
  192  9:31  Overseer, Ravager x2  
  194  9:40  Infestation Pit  
  194  9:41  Hatchery, Drone x3  
  195  9:46  Overseer  
  195  9:48  Lurker Den  
  195  9:49  Drone  
  195  9:52  Hydralisk x2  
  199  10:08  Spine Crawler  
  188  10:24  Roach x10  
  193  10:28  Ravager x3  
  193  10:29  Ravager, Roach x2  
  193  10:32  Roach  
  193  10:33  Roach x5  
  177  10:43  Roach x4  
  177  10:44  Roach x4  
  177  10:45  Overseer x2  
  179  11:00  Hydralisk x4  
  187  11:09  Overlord  
  163  11:25  Hydralisk x4  
  149  11:42  Hive  
  149  11:45  Extractor  
  149  11:46  Extractor  
  147  11:59  Lurker  
  147  12:00  Lurker x3  
  151  12:14  Hatchery  
  150  12:17  Lurker x2  
  150  12:18  Lurker  
  150  12:20  Overseer  
  150  12:21  Hydralisk  
  155  12:24  Hydralisk  
  157  12:30  Hydralisk x2  
  159  12:37  Hydralisk x2  
  159  12:42  Hydralisk  
  159  12:43  Hydralisk  
  148  12:53  Hydralisk  
  148  12:55  Hydralisk x3  
  156  13:00  Hydralisk  
  156  13:02  Hydralisk  
  150  13:09  Hydralisk x2  
  122  13:12  Hydralisk  
  111  13:23  Hydralisk x3  
  111  13:26  Lurker  
  118  13:30  Roach  
  118  13:33  Roach  
  122  13:36  Grooved Spines  
  113  13:43  Roach x3  
  119  13:51  Roach x3  
  129  13:55  Roach x2  
  129  14:00  Overseer  
  129  14:01  Lurker x2  
  131  14:05  Seismic Spines  
  131  14:09  Roach x3  
  137  14:15  Extractor  
  137  14:16  Drone x3  
  139  14:21  Overseer  
  139  14:29  Viper  
  139  14:31  Overseer  
  142  14:36  Viper  
  147  14:38  Drone x2  
  147  14:47  Hydralisk x4  
  155  14:53  Hydralisk  
  150  15:00  Lurker x2  
  150  15:06  Muscular Augments  
  147  15:13  Hydralisk x2  
  147  15:14  Hydralisk x4  
  142  15:23  Overseer  
  138  15:29  Hydralisk x6  
  138  15:33  Lurker x2  
  149  15:38  Lurker  
  149  15:41  Hydralisk  
  149  15:42  Roach x2  
  156  15:43  Overseer  
  156  15:50  Zerg Missile Weapons Level 3  
  156  15:56  Lurker  
  157  15:58  Overlord x2  
  157  16:05  Overlord  
  157  16:08  Lurker  
  157  16:09  Overseer  
  156  16:25  Hydralisk  
  156  16:26  Hydralisk x7  
  156  16:31  Hydralisk  
  156  16:32  Hydralisk  
  176  16:44  Viper  
  167  16:54  Overseer  
  167  17:01  Overseer  
  167  17:04  Viper x2  
  173  17:18  Overseer  
  173  17:22  Hatchery  
  164  17:23  Overseer  
  144  17:33  Hydralisk x11  
  158  17:38  Hydralisk  
  158  17:41  Drone  
  158  17:42  Queen x3  
  165  17:45  Lurker x2  
  165  17:46  Lurker  
  165  17:48  Drone x2  
  165  17:51  Drone x2  
  172  17:58  Adaptive Talons  
  172  18:03  Overseer  
  172  18:04  Lurker, Hydralisk x3  
  175  18:21  Hydralisk x5  
  180  18:37  Hatchery  
  179  18:46  Viper x2  
  179  19:00  Viper  
  182  19:03  Roach  
  184  19:16  Roach x3  
  184  19:17  Hydralisk x3  
  169  19:28  Lurker x3  
  172  19:37  Overseer, Overlord  
  170  19:45  Overseer, Overlord  
  165  19:46  Overlord x4  
  165  19:51  Hydralisk x2  
  165  19:53  Overlord  
  165  19:54  Overseer  
  165  19:58  Lurker  
  166  20:04  Lurker x2  
  166  20:08  Lurker  
  166  20:09  Lurker, Hydralisk x5  
  178  20:18  Roach x7  
  190  20:22  Overseer  
  190  20:33  Roach x5  
  200  20:47  Overlord  
  175  21:04  Viper  
  175  21:05  Viper x2  
  182  21:11  Lurker  
  182  21:16  Roach x3  
  188  21:28  Roach x6  
  178  21:46  Roach x8  
  194  21:48  Overseer  
  194  22:00  Hatchery  
  193  22:06  Viper  
  193  22:16  Roach x3  
  193  22:21  Hatchery  
  198  22:28  Overseer x3  
  198  22:30  Hydralisk  
  200  22:51  Hydralisk x5  
  188  22:57  Hydralisk x5  
  199  22:58  Hydralisk  
  185  23:08  Hydralisk  
  185  23:10  Overseer  
  185  23:11  Roach x2  
  182  23:15  Roach  
  182  23:17  Roach  
  156  23:21  Roach  
  153  23:31  Roach x3  
  153  23:33  Drone x2  
  161  23:41  Overseer  
  161  23:45  Drone x5  
  161  23:46  Drone x2  
  164  23:50  Drone x2  
  164  23:51  Extractor  
  164  23:52  Extractor  
  162  23:57  Hydralisk x3  
  162  23:59  Overseer  
  158  24:06  Drone  
  160  24:15  Drone x3  
  160  24:16  Drone x4  
  166  24:17  Extractor  
  166  24:18  Extractor  
  166  24:24  Viper  
  164  24:30  Roach x4  
  172  24:44  Roach  
  172  24:45  Roach x3  
  180  24:50  Hatchery  
  176  25:00  Viper  
  177  25:13  Viper  
  180  25:15  Drone x2  
  180  25:16  Drone  
  180  25:17  Drone  
  180  25:18  Drone x5  
  189  25:23  Extractor, Hydralisk x2  
  189  25:27  Extractor  
  191  25:31  Hydralisk  
  191  25:33  Lurker x2  
  150  26:05  Hydralisk x9  
Tags
 
Add a new tag
Caveats
  • Supply blocks, unpowered buildings, or Contaminate may cause inaccurate times.
  • Supply counts are checked every 10 seconds.